 Dungeon Crawl Stone Soup version 0.31.0-11-ge490571c62 (webtiles) character file.

Game seed: 13536679099887587002

189 qw the Skirmisher (level 5, -7/29 HPs)
             Began as a Deep Elf Hunter on Feb 4, 2024.
             Was an Initiate of Okawaru.
             Mangled by an iguana (8 damage)
             ... on level 3 of the Dungeon.
             The game lasted 00:00:13 (2411 turns).

qw the Skirmisher (Deep Elf Hunter)                 Turns: 2411, Time: 00:00:14

Health: -7/29      AC:  7    Str:  9 (10) XL:     5   Next: 40%
Magic:  7/7        EV: 10    Int: 13 (14) God:    Okawaru [......]
Gold:   83         SH:  0    Dex: 17 (18) Spells: 4/4 levels left

rFire   . . .        a - +0 shortbow
rCold   . . .        (shield currently unavailable)
rNeg    . . .        i - +1 ring mail
rPois   .            m - +0 helmet
rElec   .            (no cloak)
rCorr   .            (no gloves)
SInv    .            (no boots)
Will    .....        (no amulet)
Stlth   +            (no ring)
HPRegen 0.24/turn    (no ring)
MPRegen 0.10/turn

%: no passive effects
@: no status effects
A: no striking features
a: Renounce Religion


You were on level 3 of the Dungeon.
You worshipped Okawaru.
Okawaru was noncommittal.
You visited 1 branch of the dungeon, and saw 4 of its levels.

You collected 83 gold pieces.


   Skills:
 - Level 1.5 Fighting
 + Level 8.9 Ranged Weapons
 - Level 2.4 Dodging
 - Level 1.2 Stealth


You had 4 spell levels left.
You didn't know any spells.
Your spell library was empty.

Inventory:

Hand Weapons
 a - a +0 shortbow (weapon)
Armour
 i - a +1 ring mail (worn)
 m - a +0 helmet (worn)
Potions
 b - a potion of haste {unknown}
 c - a potion of mutation {unknown}
 d - a potion of might
 f - a potion of cancellation {unknown}
 h - a potion of attraction {unknown}
 j - 2 potions of curing
 l - a potion of invisibility {unknown}

Dungeon Overview and Level Annotations

Branches:
Dungeon (4/15)
 Temple: D:4-7

Altars:
Okawaru
Qazlal
Vehumet
Wu Jian

Annotations:
D:3 3 runed translucent doors, qw's ghost, weakling SpHu


Message History

Could not explore, unopened runed door.
What level of the Dungeon? (default 3, ? - help)
Things that are here:
a +0 mace; a +0 chain mail
There is a stone staircase leading down here.
You climb downwards.
The iguana hisses angrily.
Found 12 gold pieces.
Found a stone staircase leading up.
There is a stone staircase leading up here.
There are monsters nearby!
Waypoint 3 assigned to D:4.
You shoot an arrow. The arrow hits the ribbon worm!
The ribbon worm is moderately wounded.
The hound barks!
You shoot an arrow. The arrow hits the ribbon worm!
The ribbon worm is severely wounded.
A giant cockroach comes into view.
You shoot an arrow. The arrow hits the ribbon worm.
The ribbon worm is severely wounded.
The hound closely misses you.
2406 ||| STAIRDANCE The hound bites you but does no damage.
The iguana bites you. The ribbon worm bites you!
You climb upwards.
Level annotation: 3 runed translucent doors, qw's ghost, weakling SpHu
There is a stone staircase leading down here.
You shoot an arrow. The arrow hits the ribbon worm.
The ribbon worm is almost dead.
The hound misses you. The iguana barely misses you. The ribbon worm bites you.
The hound bites you but does no damage.
You shoot an arrow. The arrow hits the ribbon worm.
You kill the ribbon worm!
Okawaru accepts your kill. The hound bites you but does no damage.
The iguana barely misses you.
You feel your dexterity returning.
You shoot an arrow. The arrow closely misses the iguana.
The hound bites you. The iguana bites you! The hound bites you.
You shoot an arrow. The arrow hits the iguana.
The iguana is lightly wounded.
The hound barely misses you. The iguana bites you!
You die...

##########.......# #.# #.
#...........####.# #.# #.
#...........# #..# #.# #.
#...........# #.)###.####.
#...........# #...........
#...........###..###.####.
#.........................
#.......h.l.######.#.#....
#........@.........#.###.#
#########.##.......#.#....
#.##.......#.#.#..
#.##.......#.#.###
#.##.......#.#....
#.##.......#.####.
#..).......#.#....
#######.......#.#.#..
#.............#.#.###


You could see an iguana and a hound.

Vanquished Creatures
  Terence (D:3)
  Natasha (thrice) (D:2)
  3 adders (D:2)
  A ribbon worm (D:3)
  An orc (D:3)
  3 ball pythons
  6 endoplasms
  9 giant cockroaches
  6 goblins
  3 hobgoblins (D:2)
  9 kobolds
  2 quokkas
  4 bats
  A frilled lizard (D:3)
  2 rats
54 creatures vanquished.

Notes
Turn   | Place    | Note
-------+----------+-------------------------------------------
     0 | D:1      | qw the Deep Elf Hunter began the quest for the Orb.
     0 | D:1      | Reached XP level 1. HP: 12/12 MP: 3/3
     0 | D:1      | 0 ||| qw: Version: 0.3-a-160-g6735b56
     0 | D:1      | 0 ||| qw: Game counter: 5461
     0 | D:1      | 0 ||| qw: Melee chars always use a shield: true
     0 | D:1      | 0 ||| qw: God list: Okawaru
     0 | D:1      | 0 ||| qw: Allow faded altars: false
     0 | D:1      | 0 ||| qw: Do Orc after clearing Dungeon:15 true
     0 | D:1      | 0 ||| qw: Do second Lair branch before Depths: true
     0 | D:1      | 0 ||| qw: Lair rune preference: random
     0 | D:1      | 0 ||| qw: Goals: Normal
     0 | D:1      | 0 ||| PLANNING D:1-11
    80 | D:1      | Reached XP level 2. HP: 16/16 MP: 4/4
    80 | D:1      | Noticed a glass eye
    84 | D:1      | Reached skill level 6 in Ranged Weapons
    85 | D:1      | Noticed a shining eye
    87 | D:1      | Found a faded altar of an unknown god.
    89 | D:1      | Noticed a shining eye
    89 | D:1      | Noticed a glass eye
   618 | D:1      | 618 ||| UPGRADING to +0 ring mail.
   628 | D:1      | 628 ||| DROPPING +0 leather armour.
   629 | D:1      | 629 ||| DROPPING +6 ring of intelligence.
   630 | D:1      | 630 ||| READING scroll labelled ZAKUHE YKYFU.
   631 | D:1      | 631 ||| READING scroll labelled HOASA ETWI.
   632 | D:1      | 632 ||| READING scroll labelled ZAIWNITOAMM.
   632 | D:1      | 632 ||| ENCHANTING +0 ring mail.
   633 | D:1      | 633 ||| DRINKING 2 purple potions.
   634 | D:1      | 634 ||| DRINKING 2 glowing red potions.
   635 | D:1      | 635 ||| DROPPING scroll of butterflies.
   714 | D:2      | Reached XP level 3. HP: 20/20 MP: 5/5
   743 | D:2      | Noticed Natasha
   753 | D:2      | Killed Natasha
   754 | D:2      | Reached skill level 7 in Ranged Weapons
   802 | D:2      | Noticed Natasha
   804 | D:2      | 804 ||| FLEEEEING.
   806 | D:2      | 806 ||| FLEEEEING.
   812 | D:2      | Killed Natasha
   813 | D:2      | Reached XP level 4. HP: 15/25 MP: 6/6
  1061 | D:2      | Reached skill level 8 in Ranged Weapons
  1105 | D:2      | Noticed Natasha
  1114 | D:2      | Killed Natasha
  1115 | D:2      | Reached XP level 5. HP: 22/29 MP: 7/7
  1516 | D:2      | 1516 ||| DROPPING scarf of invisibility.
  1517 | D:2      | 1517 ||| UPGRADING to +0 helmet.
  1522 | D:2      | 1522 ||| READING scroll labelled GIXTEQ JARA.
  1523 | D:2      | 1523 ||| READING scroll labelled CYIBBO SETOY.
  1528 | D:2      | 1528 ||| READING scroll labelled ZEADANOASA.
  1528 | D:2      | 1528 ||| IDENTIFYING yellow potion
  1529 | D:2      | 1529 ||| DRINKING 2 metallic grey potions.
  1530 | D:2      | 1530 ||| DROPPING potion of degeneration.
  1616 | D:3      | Noticed Terence
  1630 | D:3      | HP: 7/29 [Terence/+0 mace (4)]
  1631 | D:3      | 1631 ||| DRINKING potion of heal wounds.
  1634 | D:3      | Killed Terence
  1654 | D:3      | Found a runed translucent gate.
  1666 | D:3      | Found a runed translucent gate.
  1666 | D:3      | Found a runed translucent gate.
  1670 | D:3      | Noticed qw's ghost (weakling SpHu)
  1783 | D:3      | Found an iron altar of Okawaru.
  1784 | D:3      | 1784 ||| PLANNING OKAWARU WORSHIP
  1784 | D:3      | 1784 ||| READING scroll labelled ZOWNACZEECE.
  1785 | D:3      | 1785 ||| READING scroll labelled QAITEKK JAFOYDD.
  1786 | D:3      | Found a stormy altar of Qazlal.
  1787 | D:3      | Found a radiant altar of Vehumet.
  1788 | D:3      | Found an ornate altar of the Wu Jian Council.
  1791 | D:3      | Became a worshipper of Warmaster Okawaru
  1792 | D:3      | 1792 ||| PLANNING D:1-11
  2406 | D:4      | 2406 ||| STAIRDANCE
  2410 | D:3      | HP: 5/29 [iguana (8)]
  2410 | D:3      | HP: 1/29 [hound (4)]
  2411 | D:3      | Mangled by an iguana

Levels and vault maps discovered:
D:1:      spicycebolla_green_bress_n_ham_2, layout_basic,
          hellmonk_ecumenical_altar_watching_god, minmay_misc_feat_plants
D:2:      layout_basic, corexii_shack, fountainhead, minmay_misc_feat_roman,
          chequers_serial_rivers_micro_b, uniq_natasha
D:3:      layout_basic, mainiacjoe_overflow_alcove_3, gammafunk_ghost_split,
          uniq_terence
D:4:      layout_rooms, elyvilon_altar_4, temple_hall, grunt_ministairs_1

Skill      XL: |  1  2  3  4 |
---------------+-------------+-----
Ranged Weapons | 6 7 8 |  8.9
Fighting       | |  1.5
Dodging        | |  2.4
Stealth        | |  1.2

Action                     |  1- 3 |  4- 6 || total
---------------------------+-------+-------++-------
   Fire: Shortbow          |    72 |   108 ||   180
    Use: Scroll            |     3 |     5 ||     8
         Potion            |     2 |     2 ||     4
 Armour: Leather armour    |    10 |       ||    10
         Ring mail         |     9 |    36 ||    45
  Dodge: Dodged            |    17 |    26 ||    43

Table legend:
 A = Non-vault XP
 B = Vault XP
 C = Vault XP percentage of total XP
 D = Non-vault monster count
 E = Vault monster count
 F = Vault count percentage of total count
                 A         B        C        D         E       F
            +---------+---------+-------+---------+---------+-------
      Total |     197 |      73 |  27.0 |      51 |       3 |   5.6
            +---------+---------+-------+---------+---------+-------
        D:1 |      36 |       0 |   0.0 |      22 |       0 |   0.0
        D:2 |     140 |      35 |  20.0 |      20 |       2 |   9.1
        D:3 |      21 |      38 |  64.4 |       9 |       1 |  10.0
            +---------+---------+-------+---------+---------+-------
